[Event "*** Titled Tuesday Blitz"]
[Site "Chess.com"]
[Date "2021.02.02"]
[Round "3"]
[White "anon132639"]
[Black "doons21"]
[Result "1-0"]
[WhiteElo "2804"]
[BlackElo "2556"]
[TimeControl "180+1"]
[EndTime "10:31:45 PST"]
[Termination "anon132639 won by resignation"]

1. Nf3 Nf6 2. c4 g6 3. Nc3 Bg7 4. h4 d6 5. d3 Nc6 6. Bg5 h6 7. Bd2 e5 8. g3 a5 9. Bg2 Be6 10. a3 Qe7 11. Rb1 d5 12. cxd5 Nxd5 13. Nxe5 Nxe5 14. Nxd5 Bxd5 15. Bxd5 Nxd3+ 16. Kf1 c6 17. exd3 cxd5 18. Qa4+ Kf8 19. Bb4 axb4 20. Qxa8+ Qe8 21.
Qxe8+ Kxe8 22. axb4 Kd7 23. Kg2 Ra8 24. Rhc1 Ra4 25.
Rc5 Kd6 26. Rc8 Rxb4 27. Rd8+ Kc7 28. Rxd5 Rxb2 29. Rxb2 Bxb2 30. Rb5 Bd4 31. Kf3 Kc6 32. Rb4 Be5 33. Ke4 Bd6 34. Rb2 b5 35. g4 b4 36. h5 Be7 37. hxg6 fxg6 38. f4 h5 39. gxh5 gxh5 40. f5 Kb5 41. Ke5 Ka4 42. f6 Bf8 43. Rh2 b3 44. Rxh5 b2 45. Rh1 Kb3 46. d4 Bh6 47. f7 Bf8 48. d5 Ka2 49. d6 b1=Q 50. Rxb1 Kxb1 51. d7 1-0

[Event "*** Titled Tuesday Blitz"]
[Site "Chess.com"]
[Date "2021.02.02"]
[Round "3"]
[White "SergeiAza"]
[Black "AttilaTurzo"]
[Result "1-0"]
[WhiteElo "2792"]
[BlackElo "2537"]
[TimeControl "180+1"]
[EndTime "10:31:47 PST"]
[Termination "SergeiAza won on time"]

1. e4 e5 2. Nf3 Nc6 3. Bb5 g6 4. c3 Bg7 5. d4 d6 6. dxe5 dxe5 7. Qxd8+ Kxd8 8. Bxc6 bxc6 9. Be3 f6 10. Nbd2 Ba6 11.
Nb3 Bf8 12. O-O-O+ Kc8 13. Bc5 Bh6+ 14. Kc2 Be2 15.
Rde1 Bxf3 16. gxf3 a5 17. a4 Bf4 18. Rd1 f5 19.
Rd3 fxe4 20. fxe4 Nf6 21. f3 Rd8 22. Rxd8+ Kxd8 23. h3 Ke8 24. Rd1 Nd7 25. Bf2 Ke7 26. Nc5 Nxc5 27. Bxc5+ Ke6 28. Ra1 Bg5 29. b4 Be7 30.
Bxe7 Kxe7 31. Kb3 Kd6 32. Kc4 c5 33. Rd1+ Kc6 34. b5+ Kb6 35. Rd5 Rf8 36. Rxe5 Rxf3 37. Re6+ Kb7 38. h4 Rh3 39. Re7 Rxh4 40. Kxc5 g5 41.
b6 g4 42. Rxc7+ Kb8 43. Rg7 g3 44. Rxg3 Rxe4 45. Rg8+ Kb7 46. Rg7+ Kb8 47. c4 h5 48. Kb5 h4 49. Rh7 Rf4 50. c5 1-0

[Event "*** Titled Tuesday Blitz"]
[Site "Chess.com"]
[Date "2021.02.02"]
[Round "3"]
[White "BvsN"]
[Black "anantone"]
[Result "1-0"]
[WhiteElo "2381"]
[BlackElo "2524"]
[TimeControl "180+1"]
[EndTime "10:31:49 PST"]
[Termination "BvsN won on time"]

1. c4 g6 2. e4 Bg7 3. d4 d6 4. Nc3 Nf6 5. Nge2 O-O 6. f3 c5 7.
d5 e6 8. Ng3 a6 9. a4 exd5 10.
cxd5 Re8 11. Be2 Nbd7 12. O-O h5 13. Bg5 Qb6 14. Qd2 Qb4 15. a5 Nh7 16. Bh6 Qd4+ 17. Be3 Qxd2 18. Bxd2 h4 19. Nh1 f5 20. Nf2 Bd4 21. Kh1 Ndf6 22. Bd3 Bd7 23. Rae1 Rad8 24. exf5 gxf5 25. Nh3 Rxe1 26. Rxe1 Re8 27. Rxe8+ Nxe8 28. Nf4 Nc7 29. Be1 Bf6 30. Ng6 h3 31. gxh3 Kf7 32.
Nf4 Ng5 33. Kg2 Be5 34. Bd2 Nh7 35. h4 Nf6 36. Kf2 Nb5 37. Nxb5 axb5 38. b3 b4 39. h5 Bd4+ 40. Ke2 Be5 41. h6 Kg8 42. h4 Kh7 43. a6 bxa6 44. Bxa6 Bxf4 45. Bxf4 Nxd5 46. Bxd6 Nc3+ 47. Kd3 Be6 48. Bc4 Bxc4+ 49. Kxc4 1-0

[Event "*** Titled Tuesday Blitz"]
[Site "Chess.com"]
[Date "2021.02.02"]
[Round "3"]
[White "Yaacovn"]
[Black "Szparu"]
[Result "0-1"]
[WhiteElo "2871"]
[BlackElo "2657"]
[TimeControl "180+1"]
[EndTime "10:31:50 PST"]
[Termination "Szparu won by resignation"]

1. d4 Nf6 2. e3 g6 3. Nf3 Bg7 4. Be2 O-O 5. O-O b6 6. b3 Bb7 7. Bb2 d6 8. c4 c5 9. Qc2 Nbd7 10. d5 b5 11. Nc3 a6 12. e4 b4 13. Nd1 e6 14. Ne3 exd5 15. cxd5 Re8 16. Nd2 a5 17. Rfe1 Qc7 18. a4 Re7 19. Bb5 Rae8 20. Nec4 Bxd5 21. Bxf6 Bxc4 22. Bxe7 Bxb5 23. Rad1 Bc6 24.
Bh4 Bc3 25. Bg3 Nf6 26. f3 Nh5 27. Bf2 Qe7 28. Re3 Qg5 29. Nf1 Nf4 30. Bg3 Be5 31. Qd2 h5 32. h4 Qf6 33. Ree1 Kg7 34. Ne3 Bc3 35. Qf2 Bxe1 36. Qxe1 d5 37. Qd2 dxe4 38. Bxf4 Qxf4 39. fxe4 Qxe4 40. Re1 Qd4 41. Qf2 f5 42. g3 Re4 43. Kf1 f4 44. Nc4 Qxf2+ 45. Kxf2 Rxe1 46.
Kxe1 fxg3 47. Nxa5 Bd5 48. Kf1 Kf6 49. Kg1 Ke5 0-1

[Event "*** Titled Tuesday Blitz"]
[Site "Chess.com"]
[Date "2021.02.02"]
[Round "3"]
[White "Malysch"]
[Black "kagg1125"]
[Result "0-1"]
[WhiteElo "2391"]
[BlackElo "2585"]
[TimeControl "180+1"]
[EndTime "10:31:50 PST"]
[Termination "kagg1125 won by resignation"]

1. d4 d5 2. c4 c6 3. Nf3 Nf6 4. Qc2 dxc4 5. Qxc4 Bf5 6. g3 e6 7. Bg2 Nbd7 8. O-O Be7 9. Nc3 O-O 10. Re1 Ne4 11.
Qb3 Qb6 12. Nh4 Bxh4 13. gxh4 Ndf6 14. f3 Nxc3 15. bxc3 Qc7 16. e4 Bg6 17. Be3 Nh5 18.
Rab1 b6 19. Qc2 Nf4 20. Bf1 e5 21. Bxf4 exf4 22. Bh3 c5 23. Qf2 Rad8 24. d5 Qe5 25. c4 h5 26. Qb2 Qe7 27. Qf2 Qe5 28. Qb2 Qc7 29. Rbd1 Rfe8 30. e5 b5 31. Qxb5 Rxe5 32. Rxe5 Qxe5 33. Qxc5 Rb8 34. Qd4 Qe2 35. d6 Rb2 36. Qxb2 Qxd1+ 37. Kf2 Qxd6 38. Qc3 Qc5+ 39. Ke2 Qg1 40. Bf1 Qxh2+ 41. Ke1 Qxh4+ 42. Kd2 Qd8+ 43.
Kc1 Qb8 44. c5 Qb1+ 45. Kd2 Qxf1 46. c6 Bf5 47. c7 Qg2+ 48. Ke1 Qg6 49. c8=Q+ Bxc8 50.
Qxc8+ Kh7 51. Qc5 a6 52. Qe5 Qe6 0-1

[Event "*** Titled Tuesday Blitz"]
[Site "Chess.com"]
[Date "2021.02.02"]
[Round "3"]
[White "fish7728"]
[Black "IMJonathanCarlstedt"]
[Result "0-1"]
[WhiteElo "2160"]
[BlackElo "2485"]
[TimeControl "180+1"]
[EndTime "10:31:50 PST"]
[Termination "IMJonathanCarlstedt won on time"]

1. d4 Nf6 2. c4 e6 3. Nc3 Bb4 4. f3 O-O 5. e4 d6 6. Bd2 e5 7. d5 Nh5 8. Nge2 a5 9. Qc2 Na6 10. g3 f5 11. O-O-O Bd7 12. Bg2 Nc5 13. Rhf1 a4 14.
exf5 Bxf5 15. Ne4 Bxd2+ 16. Qxd2 Nf6 17. Nxc5 dxc5 18. Nc3 b6 19. Rfe1 Re8 20. g4 Bg6 21. h4 a3 22. b3 e4 23. g5 exf3 24. Bxf3 Nd7 25. Bg4 Ne5 26. Rxe5 Rxe5 27. Be6+ Kh8 28. Ne2 Qd6 29. Nf4 Rf8 30. h5 Be4 31. Ng6+ Bxg6 32. hxg6 Rxe6 33. dxe6 Qxe6 34. gxh7 Qe5 35. Qc2 Qxg5+ 36.
Kb1 Qf6 37. Rc1 g5 38. Qc3 Qxc3 39. Rxc3 Kxh7 40. Re3 Kg6 41. Re7 Rf7 42. Re6+ Kf5 43. Rc6 Rg7 44. Kc1 g4 45. Kd1 g3 46. Ke1 g2 0-1

[Event "*** Titled Tuesday Blitz"]
[Site "Chess.com"]
[Date "2021.02.02"]
[Round "3"]
[White "pheonixking2000"]
[Black "lachesisQ"]
[Result "1-0"]
[WhiteElo "2731"]
[BlackElo "3061"]
[TimeControl "180+1"]
[EndTime "10:31:51 PST"]
[Termination "pheonixking2000 won by resignation"]

1. c4 e5 2. g3 h5 3. Nf3 Nc6 4. Nc3 Bc5 5. d3 d6 6. Bg2 a6 7.
a3 Bg4 8. h3 Bxf3 9. Bxf3 Nge7 10. b4 Ba7 11. e3 Qd7 12. Bxh5 g6 13. Bg4 f5 14. Bf3 Nd8 15. d4 e4 16. Bg2 Ne6 17.
Qb3 c6 18. d5 Ng5 19. Bb2 Rh7 20. dxc6 bxc6 21. Rd1 Qe6 22. Ne2 Nf3+ 23. Bxf3 exf3 24. Nf4 Qe4 25. Rxd6 g5 26. Ne6 Rh6 27. Nc7+ Kf7 28. Rxh6 Qb1+ 29. Qd1 Qxb2 30. Nxa8 Qc3+ 31. Kf1 Qxc4+ 32.
Kg1 Qe4 33. Rh7+ Kg6 34. Rxe7 Qxe7 35. g4 f4 36. Qxf3 fxe3 37. fxe3 Qd6 38. Rh2 a5 39. Rf2 Qe7 40. Kg2 axb4 41. axb4 Bb8 42. Nb6 Be5 43. Qf5+ Kh6 44. Nd7 Bg7 45. Nf6 Bh8 46. Ng8+ Kg7 47.
Nxe7 1-0

[Event "*** Titled Tuesday Blitz"]
[Site "Chess.com"]
[Date "2021.02.02"]
[Round "3"]
[White "Nikolakis2014"]
[Black "Murad_Ibrahimli"]
[Result "1-0"]
[WhiteElo "2647"]
[BlackElo "2845"]
[TimeControl "180+1"]
[EndTime "10:31:51 PST"]
[Termination "Nikolakis2014 won on time"]

1. Nf3 Nf6 2. c4 g6 3. g3 Bg7 4.
Bg2 O-O 5. O-O d6 6. d4 c6 7. Nc3 Bf5 8. Re1 Ne4 9. Qb3 Qb6 10.
Nh4 Qxb3 11. axb3 Nxc3 12. Nxf5 gxf5 13. bxc3 Nd7 14. b4 a6 15. Bd2 Nb6 16. c5 Nc4 17.
Bg5 Rfe8 18. e4 fxe4 19. Bxe4 a5 20. b5 d5 21. Bf5 e5 22. bxc6 bxc6 23. Bd7 Rec8 24.
Bxc8 Rxc8 25. Red1 e4 26. Bf4 f5 27. Rdb1 Kf7 28.
Rb7+ Kg6 29. Rab1 a4 30. Ra7 a3 31. h4 h5 32. Rbb7 Bf6 33. Rh7 Rh8 34. Rhc7 Rb8 35. Rxc6 Rb1+ 36. Kg2 Rb2 37. Be5 Ne3+ 38.
Kh3 Ng4 39. Bxf6 Nxf2+ 40. Kg2 Ng4+ 41. Kg1 Rb1+ 42. Kg2 Rb2+ 43. Kf1 Ne3+ 44. Ke1 f4 45. g4 hxg4 46. Bg5+ 1-0

[Event "*** Titled Tuesday Blitz"]
[Site "Chess.com"]
[Date "2021.02.02"]
[Round "3"]
[White "Chessbard1972"]
[Black "davidkalashian"]
[Result "1-0"]
[WhiteElo "2411"]
[BlackElo "2572"]
[TimeControl "180+1"]
[EndTime "10:31:51 PST"]
[Termination "Chessbard1972 won on time"]

1. e4 c6 2. Nc3 g6 3. d4 Bg7 4. Nf3 d6 5. a4 Nf6 6. h3 O-O 7. Be2 Nbd7 8. O-O e5 9. Be3 Qe7 10. dxe5 dxe5 11. a5 Nc5 12. Nd2 Rd8 13. Qc1 Ne6 14.
Bc4 Nd4 15. Re1 Be6 16. Bxe6 Qxe6 17. Ne2 Nh5 18. c3 Nxe2+ 19. Rxe2 Nf4 20. Bxf4 exf4 21.
Nf3 Be5 22. Qc2 Bf6 23. e5 Bg7 24. Rd1 h6 25. Rde1 c5 26. b4 Rac8 27. Qe4 cxb4 28.
cxb4 Qd5 29. Qxf4 Rc4 30. Qe3 Rxb4 31. Rd2 Qxa5 32. Rxd8+ Qxd8 33. Qxa7 Qd5 34. Qe3 Kh7 35. Qe2 b5 36. Rd1 Qc4 37. Qe3 Qb3 38. Rd3 Qc2 39. Rd7 Qf5 40. Re7 Re4 41. Qa7 Kg8 42. Qb8+ Kh7 43.
Qxb5 g5 44. Qb7 Kg8 45. Qc7 Rb4 46. e6 Rb1+ 47. Kh2 1-0

[Event "*** Titled Tuesday Blitz"]
[Site "Chess.com"]
[Date "2021.02.02"]
[Round "3"]
[White "noblerone"]
[Black "OhanyanEminChess"]
[Result "0-1"]
[WhiteElo "2424"]
[BlackElo "2650"]
[TimeControl "180+1"]
[EndTime "10:31:52 PST"]
[Termination "OhanyanEminChess won on time"]

1. d4 d5 2. Nf3 Nf6 3. Bg5 Bf5 4. e3 Nbd7 5. c4 e6 6. Nc3 c6 7. Qb3 Qb6 8. c5 Qxb3 9. axb3 a6 10. b4 Ne4 11. Bf4 Rc8 12. h3 f6 13. Be2 g5 14. Bh2 h6 15. O-O Be7 16. Nxe4 Bxe4 17. Nd2 Bg6 18. Nb3 Bd8 19. Na5 Bxa5 20. bxa5 e5 21. Ra3 Ke7 22. Rb3 Rc7 23. Bg4 f5 24.
Be2 Ke6 25. Ra1 f4 26. Re1 fxe3 27. fxe3 Rf8 28. Rf1 Rxf1+ 29. Kxf1 Be4 30. Bh5 Bc2 31. Rb4 Bd3+ 32. Kf2 Nf6 33. Be2 Ne4+ 34. Ke1 Bb5 35. Bxe5 Rf7 36. Bf3 h5 37. Rb3 Ke7 38. Bxe4 dxe4 39.
Ra3 Ke6 40. Kd2 Rf2+ 41. Kc3 Kd5 42. g3 Rh2 43. h4 g4 44. Bf4 Re2 0-1

[Event "*** Titled Tuesday Blitz"]
[Site "Chess.com"]
[Date "2021.02.02"]
[Round "3"]
[White "Love_craft"]
[Black "Michaelson_11"]
[Result "1-0"]
[WhiteElo "2503"]
[BlackElo "2263"]
[TimeControl "180+1"]
[EndTime "10:31:52 PST"]
[Termination "Love_craft won by resignation"]

1. Nf3 Nf6 2. g3 g6 3. Bg2 Bg7 4. O-O O-O 5. d4 d6 6. c4 c6 7. Nc3 Qb6 8. e4 Bg4 9. h3 Bxf3 10. Bxf3 Nfd7 11. Ne2 Qa6 12. b3 e5 13. Bb2 exd4 14. Bxd4 Nf6 15. Bb2 Re8 16. Nf4 Nbd7 17. Re1 Rad8 18.
Qc2 Ne5 19. Bg2 Nfd7 20. Red1 Nc5 21. Ne2 Qb6 22. Kh2 f6 23. f4 Nf7 24. Bd4 Qc7 25.
Nc3 b6 26. Re1 Ne6 27. Bf2 g5 28. Be3 gxf4 29. gxf4 Qe7 30. Qf2 Nc5 31. Rg1 Nh6 32.
Rad1 Kh8 33. f5 Qe5+ 34. Kh1 Qxc3 35. Bd4 Qb4 36. Qh4 Nd7 37. Bf3 Rg8 38. Be3 Nf7 39. Rg6 Nde5 40. Rxf6 Bxf6 41. Qxf6+ Rg7 42. Rg1 Rg8 43.
Bh5 Qc3 44. Bxf7 Qxe3 45. Rxg7 Rxg7 46. Qd8+ 1-0

[Event "*** Titled Tuesday Blitz"]
[Site "Chess.com"]
[Date "2021.02.02"]
[Round "3"]
[White "garicradomir"]
[Black "Unknown_IM"]
[Result "0-1"]
[WhiteElo "2193"]
[BlackElo "2391"]
[TimeControl "180+1"]
[EndTime "10:31:52 PST"]
[Termination "Unknown_IM won by resignation"]

1. e4 e5 2. Nf3 Nc6 3. Nc3 Nf6 4. Bb5 Bd6 5. d3 a6 6. Bc4 b5 7. Bb3 Bc5 8. a3 d6 9. h3 O-O 10. Be3 Bxe3 11. fxe3 Be6 12. Bd5 Ne7 13. Bxa8 Qxa8 14. Ng5 h6 15. Nxe6 fxe6 16. O-O d5 17. exd5 exd5 18.
Qe2 Qa7 19. Rf2 Rd8 20. Raf1 c5 21. Rxf6 gxf6 22. Rxf6 Kg7 23. Qf3 Ng8 24. Rf5 d4 25. Qg3+ Kh7 26. Ne4 c4 27. Qxe5 dxe3 28. Kh2 cxd3 29.
cxd3 Rxd3 30. Qe8 Qc7+ 31. Ng3 Rd7 32. Qxe3 Rg7 33. Rf3 Kh8 34. Kh1 Re7 35. Qf4 Re1+ 36. Kh2 Qa7 37. h4 Qg1+ 38. Kh3 Qb6 39. Nf5 Qe6 40. Kg3 Re4 41. Qc7 Qg6+ 42. Kh2 Rg4 43. Rg3 Qxf5 44. Qc3+ Kh7 45. Qc7+ Kg6 46. Qd6+ Nf6 47.
h5+ Qxh5+ 48. Rh3 Qf5 49. Qd3 Qxd3 50. Rxd3 Kf5 51. Rd6 Ra4 52. Rc6 h5 53. Kg3 Ne4+ 54. Kf3 Nd2+ 55. Ke3 Nc4+ 56. Kf3 Nxb2 57. Rc5+ 0-1

[Event "*** Titled Tuesday Blitz"]
[Site "Chess.com"]
[Date "2021.02.02"]
[Round "3"]
[White "Kildepiotr"]
[Black "Leo_C"]
[Result "1/2-1/2"]
[WhiteElo "2586"]
[BlackElo "2409"]
[TimeControl "180+1"]
[EndTime "10:31:53 PST"]
[Termination "Game drawn by agreement"]

1. Nf3 d5 2. g3 Nd7 3. Bg2 Nb6 4. O-O Bf5 5. d3 e6 6. Nbd2 Nf6 7. Qe1 h6 8. e4 Bh7 9. Qe2 Be7 10. b3 O-O 11. Bb2 a5 12. a4 c5 13. Ne5 Qc7 14. f4 Bd6 15. Nxf7 Qxf7 16. e5 Be7 17. exf6 Bxf6 18. Bxf6 gxf6 19. Rae1 Rae8 20. Nf3 d4 21. Qd2 Nd5 22. Qxa5 b6 23. Qd2 Ne3 24. Rf2 Kh8 25. Nh4 Qg7 26. Bc6 Re7 27. Ng2 Ng4 28. Rfe2 e5 29. Bf3 h5 30. Nh4 Ne3 31. Rxe3 dxe3 32. Qxe3 Rfe8 33. f5 Qg5 34. Be4 Qxe3+ 35. Rxe3 Kg7 36.
Bc6 Rc8 37. Be4 Rd8 38. Re1 Rd4 39. Ng2 Red7 40. Ne3 Bg8 41. Kf2 Kh6 42. Ra1 Ra7 43. Rg1 Bf7 44. g4 Rad7 45. h4 Rxe4 46. dxe4 Rd2+ 47.
Kf3 1/2-1/2

[Event "*** Titled Tuesday Blitz"]
[Site "Chess.com"]
[Date "2021.02.02"]
[Round "3"]
[White "Philosopherrr"]
[Black "motivated_bishop"]
[Result "1-0"]
[WhiteElo "2565"]
[BlackElo "2375"]
[TimeControl "180+1"]
[EndTime "10:31:54 PST"]
[Termination "Philosopherrr won on time"]

1. e4 g6 2. d4 Bg7 3. Nc3 d6 4. Bg5 a6 5. a3 b5 6. Qd2 Bb7 7. h4 Nf6 8. f3 Nbd7 9. d5 c6 10.
dxc6 Bxc6 11. Nge2 Ne5 12. Nd4 Bd7 13. Bh6 Bxh6 14. Qxh6 Qb6 15. Qd2 h5 16. Nd1 O-O 17.
Ne3 Rac8 18. Be2 Rc7 19. c3 e6 20. O-O d5 21. exd5 Nxd5 22. Nxd5 exd5 23. f4 Nc4 24. Bxc4 dxc4 25. Rf2 Rd8 26. Re1 Bf5 27. Qe3 Qf6 28. Qe5 Qxe5 29. Rxe5 Bd3 30. f5 Rcd7 31. g3 Rd5 32. Rxd5 Rxd5 33. fxg6 fxg6 34. Rf6 Re5 35. Kf2 a5 36. Rb6 b4 37. axb4 axb4 38. Rxb4 Ra5 39. Ke3 Ra1 40. Rb7 Rg1 41. Kf4 Rf1+ 42.
Kg5 Rg1 43. Kh6 Rxg3 44. Ne6 Bf5 45. Ng5 Kf8 46. Rc7 Ke8 47. Rxc4 Rg4 48. Rd4 1-0

[Event "*** Titled Tuesday Blitz"]
[Site "Chess.com"]
[Date "2021.02.02"]
[Round "3"]
[White "Gmedmundo"]
[Black "mirochka"]
[Result "1-0"]
[WhiteElo "2392"]
[BlackElo "2193"]
[TimeControl "180+1"]
[EndTime "10:31:54 PST"]
[Termination "Gmedmundo won on time"]

1. e4 c5 2. Nf3 Nc6 3. Bb5 e6 4. Bxc6 bxc6 5. b3 Ne7 6. O-O Ng6 7. Bb2 Qc7 8. e5 Be7 9. d3 O-O 10. Nbd2 f6 11. Qe1 fxe5 12. Nxe5 Nxe5 13. Bxe5 d6 14. Bg3 Bf6 15. Ne4 e5 16. f4 exf4 17.
Nxf6+ Rxf6 18. Rxf4 Bf5 19. Qe3 Raf8 20. Raf1 Qd7 21.
h3 R6f7 22. Kh2 h6 23. R4f3 Bg6 24. Rxf7 Rxf7 25. Re1 Rf8 26. Qe7 Rf7 27. Qh4 Kh7 28.
a4 d5 29. Re5 c4 30. dxc4 Bxc2 31. cxd5 Bxb3 32. d6 Bc2 33. Qd4 Bf5 34. Bh4 Be6 35.
Qe4+ Bf5 36. Qd4 Be6 37. Be7 Bf5 38. Re2 Be6 39. Qe5 Bf5 40. Rf2 Bg6 41. Rd2 Bf5 42. h4 Be6 43. h5 Bf5 44. Rf2 Be6 45. Qe4+ Bf5 46. Qf4 1-0

[Event "*** Titled Tuesday Blitz"]
[Site "Chess.com"]
[Date "2021.02.02"]
[Round "3"]
[White "Ze-Pequeno"]
[Black "albi1999"]
[Result "0-1"]
[WhiteElo "2223"]
[BlackElo "2624"]
[TimeControl "180+1"]
[EndTime "10:31:55 PST"]
[Termination "albi1999 won on time"]

1. e4 e5 2. Nf3 Nc6 3. Bc4 Bc5 4.
d3 Nf6 5. c3 d6 6. O-O a6 7. a4 Ba7 8. Na3 h6 9. Nc2 O-O 10. Be3 Bxe3 11. Nxe3 Be6 12. Bxe6 fxe6 13. a5 Qd7 14. Re1 Rf7 15. Nc4 Raf8 16. d4 exd4 17. cxd4 Nh5 18. d5 exd5 19. exd5 Ne7 20. Nd4 Nf4 21. Ne6 Nexd5 22. Nxf8 Rxf8 23. Ra3 Qf7 24. Rf3 Qh5 25. Ne3 Nxe3 26. fxe3 Qc5 27. Kh1 Ng6 28. Qb3+ d5 29. Rxf8+ Nxf8 30. Qxb7 Ng6 31. e4 d4 32.
Qxa6 Qb4 33. Rf1 Kh7 34. Qd3 Ne5 35. Qb1 d3 36. a6 Qa4 37. Rf5 d2 38. Rf1 Qxa6 39. Rd1 Qe2 40. Qc2 Nc4 41. e5+ Kh8 42. b3 Ne3 43. Qxd2 Qxd1+ 44. Qxd1 Nxd1 45. e6 Kg8 0-1

[Event "*** Titled Tuesday Blitz"]
[Site "Chess.com"]
[Date "2021.02.02"]
[Round "3"]
[White "woodhy"]
[Black "Azerichess"]
[Result "0-1"]
[WhiteElo "2473"]
[BlackElo "2994"]
[TimeControl "180+1"]
[EndTime "10:31:55 PST"]
[Termination "Azerichess won by resignation"]

1. e4 d5 2. exd5 Qxd5 3. Nc3 Qa5 4. d4 Nf6 5. Bc4 Bf5 6. Ne2 e6 7. O-O Nc6 8. a3 O-O-O 9. Be3 Bg6 10. b4 Qh5 11. Nf4 Qxd1 12. Rfxd1 Bxc2 13. Rdc1 Nxd4 14. Nxe6 Nxe6 15. Bxe6+ fxe6 16. Rxc2 a6 17. Kf1 Bd6 18. h3 Nd5 19. Bd4 e5 20. Nxd5 exd4 21. Rd1 Be5 22. Nb6+ Kb8 23. Na4 Rhe8 24. Nc5 Bf6 25. Nd3 b6 26.
Rdc1 Rd7 27. Nf4 Kb7 28. Nd3 Ra8 29. Rc6 a5 30. b5 a4 31. R6c4 Ra5 32. Rb1 Rd5 33.
Rbc1 Rd7 34. Rb1 g6 35. Ke2 Bg7 36. Kd1 Bf8 37. Nb2 Rxb5 38. Rxa4 d3 39. Rb4 Bxb4 40. axb4 Rxb4 41. Kd2 c5 42. Kc3 d2 43. Rd1 Kc6 44.
Nc4 Rxc4+ 45. Kxc4 b5+ 46. Kc3 b4+ 47. Kc4 Rd4+ 48.
Kb3 Kb5 49. Kc2 c4 50. Rxd2 b3+ 51. Kc3 Rxd2 52. Kxd2 Kb4 53. f4 c3+ 54. Kd3 b2 55.
Kc2 Ka3 56. f5 Ka2 57. f6 b1=Q+ 0-1

[Event "*** Titled Tuesday Blitz"]
[Site "Chess.com"]
[Date "2021.02.02"]
[Round "3"]
[White "harvsp123"]
[Black "Kotofeyca"]
[Result "0-1"]
[WhiteElo "2557"]
[BlackElo "2397"]
[TimeControl "180+1"]
[EndTime "10:31:55 PST"]
[Termination "Kotofeyca won by resignation"]

1. e4 c5 2. Nf3 d6 3. Bb5+ Bd7 4. Bxd7+ Qxd7 5. c4 Nf6 6. Nc3 Nc6 7. d4 cxd4 8. Nxd4 Qg4 9. Qxg4 Nxg4 10. Nxc6 bxc6 11. Bf4 g6 12. f3 Bh6 13. Bxh6 Nxh6 14. h4 f5 15. h5 Nf7 16. Ke2 O-O-O 17. Rad1 Kc7 18. b3 Ng5 19. Ke3 fxe4 20. f4 Ne6 21. Kxe4 Rdf8 22. g3 Rhg8 23. hxg6 hxg6 24. Rh7 Kd7 25. b4 Rh8 26.
Rdh1 Rxh7 27. Rxh7 Rb8 28. a3 a5 29. b5 cxb5 30.
cxb5 Rc8 31. Nd5 Rc4+ 32. Ke3 Nd4 33. Rxe7+ Kd8 34. b6 Nf5+ 35. Kd3 Rd4+ 36. Kc3 Rxd5 37. b7 Rb5 38. Rh7 Ne7 39. Rh8+ Kc7 40. Rh7 Kd7 41.
g4 Rxb7 42. f5 gxf5 43. gxf5 Ke8 44. Kc4 Rc7+ 45. Kd3 Rc5 46. f6 Nd5 47. f7+ Ke7 48.
Kd4 Nc7 49. f8=Q+ Kxf8 50. Rd7 Rc6 51. Rd8+ Ke7 52. Rh8 Ne6+ 53. Kd3 Rc5 54. Rh7+ Kd8 55. Ra7 Kc8 56. Ke4 Nc7 0-1

[Event "*** Titled Tuesday Blitz"]
[Site "Chess.com"]
[Date "2021.02.02"]
[Round "3"]
[White "Sergey85Rodchenkov"]
[Black "PerAsperaAdAstraCB"]
[Result "0-1"]
[WhiteElo "2524"]
[BlackElo "2374"]
[TimeControl "180+1"]
[EndTime "10:31:55 PST"]
[Termination "PerAsperaAdAstraCB won on time"]

1. e4 c6 2. d4 d5 3. exd5 cxd5 4. c4 Nf6 5. Nc3 g6 6. Qb3 Bg7 7. cxd5 O-O 8. Be2 Nbd7 9. Bf3 Nb6 10. Bg5 h6 11.
Bxf6 Bxf6 12. Nge2 e6 13. dxe6 Bxe6 14. d5 Bf5 15.
Rd1 Re8 16. O-O Rc8 17. Ng3 Bd7 18. Nge4 Be5 19. Rfe1 Kg7 20. a4 Qc7 21. h3 a6 22.
d6 Qd8 23. a5 Nc4 24. Qxb7 Rb8 25. Qxa6 Nxb2 26. Rb1 Qh4 27. Qa7 Bxh3 28. gxh3 Qxh3 29. Bg2 Qh2+ 30. Kf1 h5 31. d7 Red8 32. Nd5 h4 33. Qe3 Nc4 34. Qd3 Nxa5 35. Rxb8 Rxb8 36. Ne3 h3 37. Bf3 Qf4 38. Ng4 Rb3 39. Qd5 Bc7 40. Ng5 Nb7 41. Nxf7 Qxf7 42. Qxf7+ Kxf7 43. Bxb7 Rxb7 44. Re8 Rb1+ 45. Ke2 Rb2+ 46. Kf3 Rb3+ 47. Ke2 Rb4 48. Nh2 Rb2+ 49. Kf3 Rd2 50. Kg4 Rxd7 51. Kxh3 Kxe8 0-1

[Event "*** Titled Tuesday Blitz"]
[Site "Chess.com"]
[Date "2021.02.02"]
[Round "3"]
[White "eldur16"]
[Black "Happy1712Drummer"]
[Result "1-0"]
[WhiteElo "2529"]
[BlackElo "2344"]
[TimeControl "180+1"]
[EndTime "10:31:55 PST"]
[Termination "eldur16 won on time"]

1. Nf3 d5 2. g3 c6 3. Bg2 Nf6 4. O-O Bf5 5. d3 h6 6. Nbd2 e6 7. Qe1 Bh7 8. e4 a5 9. Qe2 Be7 10. Re1 O-O 11. e5 Nfd7 12. Nf1 c5 13. h4 Nc6 14.
N1h2 a4 15. Ng4 a3 16. b3 Nd4 17. Nxd4 cxd4 18. Bf4 Rc8 19. Rac1 Kh8 20. Nh2 Nb8 21. Bh3 Na6 22. Nf3 Nb4 23. Nxd4 Nxa2 24. Ra1 Nc3 25. Qh5 Bg6 26. Qg4 Qb6 27. Be3 h5 28.
Qf4 Qb4 29. g4 a2 30. gxh5 Bh7 31. Kh1 Nb1 32. Rg1 Nc3 33. h6 g5 34. hxg5 Bg6 35. Bg4 Kh7 36. Qf3 Ra8 37. Bh5 Nb5 38. Nxb5 Qxb5 39.
Qg4 Bf5 40. g6+ fxg6 41. Bxg6+ Kh8 42. Bxf5 Rg8 43. Bg6 d4 44. Bxd4 Qd5+ 45. Kh2 Bc5 46. Bxc5 Qxc5 47. Qf4 Qc3 48. Qf6+ 1-0

[Event "*** Titled Tuesday Blitz"]
[Site "Chess.com"]
[Date "2021.02.02"]
[Round "3"]
[White "mbojan"]
[Black "Zhigalko_Sergei"]
[Result "0-1"]
[WhiteElo "2666"]
[BlackElo "2920"]
[TimeControl "180+1"]
[EndTime "10:31:56 PST"]
[Termination "Zhigalko_Sergei won by checkmate"]

1. Nf3 d5 2. d3 c6 3. g3 Bg4 4. Bg2 Nd7 5. Nbd2 e6 6. O-O Bd6 7. e4 Ne7 8. Re1 O-O 9. h3 Bh5 10. b3 a5 11. a3 Qb6 12. Bb2 Bxg3 13. Bd4 Qxd4 14. Nxd4 Bxd1 15. Raxd1 Bd6 16. a4 Ng6 17. N2f3 Bb4 18. Re3 e5 19. Nf5 d4 20. Re2 Nf4 21.
Bf1 g6 22. Ng3 Nxe2+ 23. Nxe2 Rfe8 24. h4 f6 25. Bh3 Nf8 26. Nh2 Ne6 27. Bxe6+ Rxe6 28. f4 exf4 29. Nxf4 Re7 30. Nf3 Bd6 31. Ne2 c5 32.
Nd2 f5 33. Kg2 Rf8 34. Re1 Kg7 35. Nc4 Bc7 36. Nd2 Rfe8 37. Kf3 Rf7 38. Kg2 Bd8 39.
Rh1 h5 40. Ng3 Bc7 41. Ne2 b6 42. Re1 Kh6 43. Rh1 Ref8 44. Re1 fxe4 45. Nxe4 Rf3 46. Ng1 R3f4 47. Re2 Rg4+ 48. Kh1 Rxh4+ 49. Kg2 Rh2# 0-1

[Event "*** Titled Tuesday Blitz"]
[Site "Chess.com"]
[Date "2021.02.02"]
[Round "3"]
[White "EugeneRougon"]
[Black "LucaBrasi1968"]
[Result "1-0"]
[WhiteElo "2744"]
[BlackElo "2504"]
[TimeControl "180+1"]
[EndTime "10:31:56 PST"]
[Termination "EugeneRougon won on time"]

1. e4 c6 2. d4 d5 3. Nc3 dxe4 4. Nxe4 Bf5 5. Ng3 Bg6 6. h4 h6 7. Nf3 Nf6 8. Ne5 Bh7 9. Bd3 Nbd7 10. Bf4 Nxe5 11. Bxe5 Bxd3 12. Qxd3 e6 13. O-O-O Be7 14. Kb1 Qd7 15. c4 O-O-O 16. Qc2 Rhg8 17. f3 Bd6 18. Qa4 a6 19. Ne2 Qc7 20. f4 Ne4 21. Rhf1 f5 22.
Qc2 Bxe5 23. fxe5 c5 24. g4 g6 25. Nf4 Rxd4 26. Rxd4 cxd4 27. gxf5 gxf5 28. Nxe6 Qxe5 29. Nf4 Kb8 30. a3 Rc8 31. Nd3 Qe6 32. c5 Qd5 33. Rc1 Rc6 34. Qh2+ Ka7 35. Nb4 Qe6 36. Nxc6+ Qxc6 37. Qe2 Qd5 38. Qd3 Nxc5 39. Qc4 Qxc4 40. Rxc4 Ne6 41.
Rc8 Kb6 42. Re8 Nf4 43. Rf8 Ne2 44. Rxf5 d3 45. Rd5 Nf4 46. Rd4 Ng2 47. h5 1-0

[Event "*** Titled Tuesday Blitz"]
[Site "Chess.com"]
[Date "2021.02.02"]
[Round "3"]
[White "Kostya_Nikologorskiy"]
[Black "FloMaster111"]
[Result "1-0"]
[WhiteElo "2683"]
[BlackElo "2479"]
[TimeControl "180+1"]
[EndTime "10:31:56 PST"]
[Termination "Kostya_Nikologorskiy won on time"]

1. e4 c5 2. Nf3 Nc6 3. Nc3 g6 4. h4 h5 5. Bc4 Bg7 6. d3 e6 7. Bf4 Nh6 8. Nb5 e5 9. Bxh6 Bxh6 10.
Nd6+ Kf8 11. Nxf7 Qa5+ 12. c3 b5 13. Bd5 Bg7 14. N7xe5 Nxe5 15. Nxe5 Bxe5 16. Bxa8 b4 17. O-O bxc3 18. bxc3 Bxc3 19. Rb1 Kg7 20. Bd5 Bd4 21. Rb8 Qc7 22. Rb3 Rf8 23. Qe2 a5 24. e5 Bxe5 25. Qe4 Rf4 26. Qe2 Rxh4 27. Re1 d6 28. d4 Rxd4 29. Be4 Qf7 30. Rf3 Qc4 31. Bd3 Qd5 32.
Bc2 Bg4 33. Be4 Bxf3 34. Bxf3 Qc4 35. Qe3 Rh4 36. g3 Rd4 37. Qg5 Qf7 38. Bxh5 Qf6 39. Qxf6+ Kxf6 40. Bf3 Ra4 41. Re2 Bd4 42. Kg2 Ra3 43.
Bd5 Kg7 44. Re6 c4 45. Bxc4 Bc5 46. Re7+ Kh6 47. f4 Rc3 48. Bg8 Rc2+ 49. Kh3 g5 50. f5 g4+ 51. Kxg4 1-0